 Dungeon Crawl Stone Soup version 0.29.1-13-g9f3cf754e1 (webtiles) character file.

Game seed: 13973604066560388592

199 KittyFluff the Cudgeller (level 5, -1/49 HPs)
             Began as a Gargoyle Berserker on Feb 5, 2023.
             Was a Priest of Trog.
             Slain by an endoplasm (2 damage)
             ... on level 4 of the Dungeon.
             The game lasted 00:15:21 (3562 turns).

KittyFluff the Cudgeller (Gargoyle Berserker)       Turns: 3562, Time: 00:15:22

Health: -1/49      AC: 15    Str: 20    XL:     5   Next: 77%
Magic:  5/5        EV: 10    Int:  8    God:    Trog [***...]
Gold:   148        SH:  7    Dex: 11    Spells: 4/4 levels left

rFire   . . .      SeeInvis +   a - +0 mace (protect)
rCold   . . .      Faith    .   z - +0 kite shield
rNeg    + . .      Spirit   .   s - +0 leather armour
rPois   ∞          Reflect  .   D - +0 helmet
rElec   +          Harm     .   o - scarf {+Inv}
rCorr   .          Rampage  .   (no gloves)
Will    .....                   (no boots)
Stlth   ..........              (no amulet)
HPRegen 0.16/turn               k - ring of see invisible
MPRegen 0.09/turn               (no ring)

@: berserking (expiring), under a protective aura, very quick
A: sickness immunity, AC +4, negative energy resistance 1, electricity
resistance, torment resistance 1, petrification resistance
a: Renounce Religion, Evoke Invisibility, Berserk, Trog's Hand


You were on level 4 of the Dungeon.
You worshipped Trog.
Trog was most pleased with you.
You visited 1 branch of the dungeon, and saw 4 of its levels.

You collected 148 gold pieces.

Inventory:

Hand Weapons
 a - a +0 mace of protection (weapon)
 p - a +0 morningstar
 q - a +0 sling
 A - a +0 flail
 B - a +1 vorpal mace
 E - a +0 great mace
 H - a +0 morningstar
Missiles
 f - 54 stones (quivered)
 n - 19 poisoned darts
 u - 3 javelins
 w - 5 silver javelins
 I - 2 boomerangs
Armour
 o - a scarf of invisibility (worn)
 s - a +0 leather armour (worn)
 x - a +0 ring mail
 z - a +0 kite shield (worn)
 D - a +0 helmet (worn)
Jewellery
 k - a ring of see invisible (left hand)
Wands
 t - a wand of flame (4)
Scrolls
 c - a scroll of magic mapping {unknown}
 d - a scroll of blinking {unknown}
 g - a scroll of enchant armour {unknown}
 i - a scroll of immolation {unknown}
 l - a scroll of poison {unknown}
 r - a scroll of teleportation {unknown}
 y - a scroll of noise {unknown}
 C - a scroll of butterflies {unknown}
 G - a scroll of amnesia {unknown}
Potions
 b - a potion of berserk rage
 e - a potion of flight
 h - a potion of mutation
 j - 2 potions of brilliance {unknown}
 m - a potion of heal wounds {unknown}
 v - a potion of haste {unknown}
 F - 2 potions of curing {unknown}


   Skills:
 + Level 4.1 Fighting
 + Level 4.6 Maces & Flails
 * Level 3.3 Armour
 + Level 2.1 Dodging
 + Level 1.0 Stealth
 + Level 1.0 Shields


You had 4 spell levels left.
You didn't know any spells.
Your spell library was empty.

Dungeon Overview and Level Annotations

Branches:
Dungeon (4/15)
 Temple: D:4-7

Altars:


Innate Abilities, Weirdness & Mutations

You are immune to sickness and miasma.
Your stone body is resilient. (AC +4)
You are immune to poison.
You resist negative energy. (rN+)
You are resistant to electric shocks. (rElec)
You are resistant to unholy torment.
You are immune to petrification.


Message History

Your weapon exudes an aura of protection.
The gnoll is severely wounded.
The gnoll hits you but does no damage.
You sock the gnoll!
You kill the gnoll!
Trog accepts your kill. The gnoll hits you with a +0 club.
The gnoll hits you from afar with a +0 halberd!
* * * LOW HITPOINT WARNING * * *
You barely miss the gnoll. The gnoll closely misses you.
The gnoll barely misses you.
You sock the gnoll!
The gnoll is almost dead.
You block the gnoll's attack. The gnoll closely misses you.
The gnoll hits you but does no damage. You block the gnoll's attack.
You hit the gnoll.
You kill the gnoll!
Trog accepts your kill.
The gnoll hits you from afar with a +0 halberd.
* * * LOW HITPOINT WARNING * * *
Your Shields skill increases to level 1!
A red film seems to cover your vision as you go berserk!
You feel yourself moving faster!
You feel mighty!
The gnoll hits you from afar with a +0 halberd!
* * * LOW HITPOINT WARNING * * *
You feel a strong urge to attack something.
The gnoll barely misses you.
Items here: )) ††.
You hit the gnoll.
The gnoll is heavily wounded.
You block the gnoll's attack.
You closely miss the gnoll.
The gnoll is heavily wounded.
The gnoll hits you but does no damage.
You sock the gnoll!
You kill the gnoll!
Trog accepts your kill.
Your Stealth skill increases to level 1!
The endoplasm hits you.
You die...

### ###.## ##.... ....# #######
#...)..##..# ##...... ## #..#
#.#...###.###.## .# #.J#
#......#.## ##.# .# #..#
#........# .# #..# ####..##.##
##.. . #..######..###.###.## .
####..J@).....##........ .#
#...#.######'###†####... .#
#.##.## ##...##.# #### .# #.###
##.....#.# ##### .## #..##
##........# #....
..########...####.......).###....
................+................
#.########...####................
#.# #..## ##........###....


You could see an endoplasm.

Vanquished Creatures
  A hound (D:4)
  4 adders
  3 gnolls (D:4)
  3 worms (D:3)
  2 dart slugs
  5 orcs
  5 ball pythons
  5 bats
  9 endoplasms
  3 giant cockroaches
  10 hobgoblins
  2 jackals (D:4)
  11 kobolds
  4 quokkas
  5 frilled lizards
  5 goblins
  6 rats
83 creatures vanquished.

Notes
Turn   | Place    | Note
-------+----------+-------------------------------------------
     0 | D:1      | KittyFluff the Gargoyle Berserker began the quest for the
                  | Orb.
     0 | D:1      | Reached XP level 1. HP: 14/14 MP: 1/1
   157 | D:1      | Reached XP level 2. HP: 18/19 MP: 2/2
   595 | D:1      | Reached XP level 3. HP: 19/24 MP: 3/3
   655 | D:1      | Found a faded altar of an unknown god.
   840 | D:1      | Reached ** piety under Trog
  1345 | D:2      | Reached XP level 4. HP: 29/29 MP: 4/4
  2427 | D:3      | Reached XP level 5. HP: 33/33 MP: 5/5
  3553 | D:4      | Reached *** piety under Trog
  3557 | D:4      | Reached skill level 1 in Shields
  3557 | D:4      | HP: 1/49 [gnoll/+0 halberd (10)]
  3562 | D:4      | Reached skill level 1 in Stealth
  3562 | D:4      | Slain by an endoplasm

Illustrated notes

Levels and vault maps discovered:
D:1:      scummos_arrival_gate, layout_rooms,
          ebering_ecumenical_altar_petrified, grunt_decor_junction,
          minmay_misc_feat_alley
D:2:      layout_loops_ring, minmay_stone_trees_small
D:3:      layout_basic, gup_sewer_entry_spiral, serial_co_window_serial,
          co_window_corner_a, co_window_paths_b, co_window_corner_a,
          co_window_of_opportunity_a, co_window_paths_b, co_window_paths_a,
          co_window_broadway_b, co_window_corner_b, co_window_corner_ca,
          co_window_corner_ca, co_window_unsneaky_path_d, co_window_sun,
          co_window_4corner_a, glass_columns_c, glass_columns_a, glass_columns_a
D:4:      layout_loops_corners, serial_shops, kennysheep_mini,
          kennysheep_mini_moat

Skill      XL: |  1  2  3  4  5 |
---------------+----------------+-----
Fighting       | 4 |  4.1
Armour         | 3 |  3.3
Maces & Flails | 4 |  4.6
Dodging        | 2 |  2.1
Shields        | 1 |  1.0
Stealth        | 1 |  1.0

Action                   |  1- 3 |  4- 6 || total
-------------------------+-------+-------++-------
Melee: Mace              |   116 |   160 ||   276
       Punch             |     1 |       ||     1
Invok: Berserk           |       |     1 ||     1
  Use: Scroll            |       |     4 ||     4
 Stab: Sleeping          |       |     3 ||     3
Armor: Animal skin       |    29 |       ||    29
       Leather armour    |    24 |    68 ||    92
Dodge: Dodged            |    65 |    53 ||   118
Block: Kite shield       |       |    54 ||    54
